 Dungeon Crawl Stone Soup version 0.23.1 (webtiles) character file.

Game seed: 6215944472203552963

407 Borgoz the Sneak (level 6, -2/48 HPs)
             Began as a Ghoul Enchanter on Mar 5, 2019.
             Slain by a centaur (9 damage)
             ... on level 5 of the Dungeon.
             The game lasted 00:12:54 (6038 turns).

Borgoz the Sneak (Ghoul Enchanter)                  Turns: 6038, Time: 00:12:55

Health: -2/48      AC: 12    Str: 11 (12) XL:     6   Next: 88%
Magic:  17/17      EV: 12    Int: 12      God:
Gold:   131        SH:  3    Dex:  8 (9)  Spells: 3/9 levels left

rFire    . . .     SeeInvis .   p - +0 short sword (protect)
rCold    + . .     Gourm    .   (no shield)
rNeg     + + +     Faith    .   g - +1 leather armour {rPois}
rPois    ∞         Spirit   .   (no helmet)
rElec    .         Reflect  +   u - scarf {cloud immunity}
rCorr    .         Harm     .   n - +0 pair of gloves
MR       +....                  (no boots)
Stlth    ++........             o - +3 amulet of reflection
HPRegen  0.00/turn              i - ring of magical power
MPRegen  0.15/turn              q - ring of protection from magic

@: about to teleport, protection aura, very slightly contaminated, rotting
A: rotting body, claws 1, carnivore, cold resistance 1, negative energy
resistance 3, inhibited regeneration, torment resistance, unbreathing
a: no special abilities


You were on level 5 of the Dungeon.
You were very hungry.

You visited 1 branch of the dungeon, and saw 5 of its levels.

You collected 131 gold pieces.

Inventory:

Hand Weapons
 p - a +0 short sword of protection (weapon)
Missiles
 j - 8 tomahawks of dispersal (quivered)
 v - 3 tomahawks
Armour
 g - a +1 leather armour of poison resistance (worn)
 n - a +0 pair of gloves (worn)
 u - a scarf of cloud immunity (worn)
Jewellery
 a - an uncursed amulet of faith
 i - a ring of magical power (left hand)
 o - a +3 amulet of reflection (around neck)
 q - a ring of protection from magic (right hand)
Wands
 b - a wand of iceblast (2)
Scrolls
 c - 4 scrolls of identify
 e - 3 scrolls of teleportation
 k - a scroll of immolation {unknown}
 m - a scroll of blinking {unknown}
 r - 2 scrolls of remove curse {unknown}
 s - 3 scrolls of enchant weapon {unknown}
Potions
 f - a potion of cancellation
Comestibles
 d - 10 rations


   Skills:
 + Level 1.7 Fighting
 * Level 2.6 Short Blades
 + Level 1.6 Armour
 * Level 3.2 Dodging
 + Level 4.7 Stealth
 + Level 2.3 Spellcasting
 * Level 3.3 Hexes


You had 3 spell levels left.
You knew the following spells:

 Your Spells              Type           Power        Failure   Level  Hunger
a - Corona                Hex            #......      9%          1    ##.....
b - Ensorcelled Hibernat  Hex/Ice        #.....       26%         2    ###....
c - Confuse               Hex            #.......     26%         3    ####...

Your spell library contained the following spells:

 Spells                   Type           Power        Failure   Level  Hunger
 Tukima's Dance           Hex            #.......     26%         3    ####...
 Dazzling Spray           Conj/Hex       #.....       45%         3    ####...


Dungeon Overview and Level Annotations

Branches:
Dungeon (5/15)
 Temple: D:4-7

Altars:
Nemelex Xobeh
Okawaru
Ru
Trog

Annotations:
D:4 Blork the orc, Eustachio


Innate Abilities, Weirdness & Mutations

Your body is rotting away.
You thrive on raw meat.
You are immune to poison.
You have sharp fingernails.
You are carnivorous and can eat meat at any time.
Your flesh is cold resistant. (rC+)
You are immune to negative energy. (rN+++)
You do not regenerate when monsters are visible.
You are immune to unholy pain and torment.
You can survive without breathing.


Message History

The centaur barely misses you.
As you read the scroll of teleportation, it crumbles to dust.
You feel strangely unstable. The centaur barely misses you.
The centaur hits you.
* * * LOW HITPOINT WARNING * * *
The centaur hits you.
* * * LOW HITPOINT WARNING * * *
Okay, then.
You feel better. The centaur hits you.
* * * LOW HITPOINT WARNING * * *
The centaur hits you but does no damage.
The centaur hits you.
* * * LOW HITPOINT WARNING * * *
You are feeling very hungry.
You hit the centaur.
Your weapon exudes an aura of protection.
The centaur is heavily wounded.
The centaur hits you but does no damage.
The centaur hits you!
You die...

#................#
#.#..#.###.##....#
.........##.###.#.#
###.####.##.......#
. #.##.......# ...
#....##.##..
.....#...##...
.._....(.c#.##..#.
......#.#(@c.:....
......#...#..##.#.
..... #...##...#
##.## #.... #.##
... ...... .!. ##
######## .#. . # ##


You could see 2 centaurs.

Vanquished Creatures
  A phantom (D:4)
  A hound (D:4)
  An orc priest (D:4)
  Jessica (D:2)
  A worker ant (D:4)
  An orc wizard (D:4)
  A hound skeleton (D:5)
  8 adders
  A worm (D:2)
  A dart slug (D:1)
  2 leopard geckos
  9 orcs
  2 giant cockroaches
  10 goblins
  10 hobgoblins
  A jackal (D:2)
  7 kobolds
  2 quokkas (D:3)
  4 ball pythons
  11 bats
  5 frilled lizards
  10 rats
90 creatures vanquished.

Notes
Turn   | Place    | Note
-------+----------+-------------------------------------------
     0 | D:1      | Borgoz the Ghoul Enchanter began the quest for the Orb.
     0 | D:1      | Reached XP level 1. HP: 14/14 MP: 2/2
   384 | D:1      | Reached XP level 2. HP: 19/19 MP: 3/3
  1008 | D:1      | Reached skill level 1 in Short Blades
  1103 | D:1      | Reached XP level 3. HP: 26/26 MP: 4/4
  1546 | D:1      | Learned a level 2 spell: Ensorcelled Hibernation
  1904 | D:2      | Found an iron altar of Okawaru.
  1981 | D:2      | Noticed Jessica
  1995 | D:2      | Killed Jessica
  1995 | D:2      | Reached XP level 4. HP: 19/34 MP: 4/5
  2029 | D:2      | Found a transporter.
  2058 | D:2      | Found a bloodstained altar of Trog.
  2167 | D:2      | Found a transporter.
  2496 | D:2      | You fall through a shaft!
  2499 | D:3      | Reached skill level 4 in Stealth
  2709 | D:4      | Noticed Eustachio
  2983 | D:3      | Reached XP level 5. HP: 34/39 MP: 6/6
  2986 | D:3      | Reached skill level 1 in Armour
  3388 | D:3      | Reached skill level 1 in Fighting
  3604 | D:4      | Noticed a phantom
  3624 | D:4      | HP: 2/40 [phantom (3)]
  4323 | D:4      | Noticed Blork the orc
  4362 | D:3      | Learned a level 3 spell: Confuse
  4992 | D:4      | Reached XP level 6. HP: 33/46 MP: 5/8
  5583 | D:4      | Killed a phantom
  5816 | D:5      | Entered Level 5 of the Dungeon
  5981 | D:5      | Found a sparkling altar of Nemelex Xobeh.
  6018 | D:5      | Found a sacrificial altar of Ru.
  6038 | D:5      | Slain by a centaur

Skill      XL: |  1  2  3  4  5  6 |
---------------+-------------------+-----
Dodging        | 2 3 |  3.2
Short Blades   | 1 2 |  2.6
Stealth        | 4 |  4.7
Hexes          | 3 |  3.3
Armour         | 1 |  1.6
Spellcasting   | 2 |  2.3
Fighting       | 1 |  1.7

Action                   |  1- 3 |  4- 6 || total
-------------------------+-------+-------++-------
Melee: Dagger            |    59 |    71 ||   130
       Short sword       |    70 |   112 ||   182
       Club              |       |   133 ||   133
 Cast: Ensorcelled Hiber |     2 |    24 ||    26
       Corona            |     2 |     2 ||     4
       Confuse           |       |     9 ||     9
Evoke: Wand              |       |     2 ||     2
  Use: Potion            |       |    10 ||    10
       Scroll            |       |     2 ||     2
 Stab: Sleeping          |     8 |    18 ||    26
       Confused          |       |     3 ||     3
  Eat: Chunk             |    11 |    16 ||    27
Armor: Robe              |    15 |       ||    15
       Leather armour    |    14 |    95 ||   109
Dodge: Dodged            |    88 |   167 ||   255
Block: Other             |       |    30 ||    30
